 Dungeon Crawl Stone Soup version 0.21.1-1-g345015fe64 (webtiles) character file.

3586 Delanovic the Sneak (level 10, -6/63 HPs)
             Began as an Octopode Transmuter on June 15, 2018.
             Was a Priest of Cheibriados.
             Splashed by an acid dragon's acid (7 damage)
             ... on level 8 of the Dungeon.
             The game lasted 00:36:16 (10392 turns).

Delanovic the Sneak (Octopode Transmuter)          Turns: 10392, Time: 00:36:20

Health: -6/63      AC: -2    Str: 16    XL:     10   Next: 10%
Magic:  18/18      EV: 25    Int: 28    God:    Cheibriados [***...]
Gold:   391        SH:  0    Dex: 23    Spells: 4/19 levels left

rFire    + . .     SeeInvis +     - Unarmed
rCold    + . .     Gourm    .   (shield currently unavailable)
rNeg     + + .     Faith    .   (helmet currently unavailable)
rPois    x         Spirit   .   (no amulet)
rElec    .         Reflect  .   n - ring of positive energy
rCorr    .         Harm     .   u - ring of positive energy
MR       .....                  w - ring of see invisible
Stlth    ++++......             E - ring of protection from fire
HPRegen  0.20/turn              y - +3 ring of intelligence
MPRegen  0.16/turn              z - ring of protection from cold
                                (no ring)
                                (no ring)

@: spider-form (expiring), corroded, very slow
A: tiny, almost no armour, stealthy swim, (amphibious), 8 rings, (constrict 8)
a: End Transformation, Bend Time, Temporal Distortion, Renounce Religion


You were on level 8 of the Dungeon.
You worshipped Cheibriados.
Cheibriados was most pleased with you.
You were hungry.
You were a venomous arachnid creature.
You visited 2 branches of the dungeon, and saw 9 of its levels.

You collected 391 gold pieces.

Inventory:

Missiles
 a - 67 arrows
 f - 2 tomahawks
 i - 132 bolts
 x - a throwing net
 A - 3 poisoned javelins
 D - 3 javelins (quivered)
Armour
 d - a +2 hat (melded)
Jewellery
 n - a ring of positive energy (left front leg)
 u - a ring of positive energy (right front leg)
 w - a ring of see invisible (on tentacle)
 y - a +3 ring of intelligence (on tentacle)
 z - a ring of protection from cold (on tentacle)
 E - a ring of protection from fire (on tentacle)
Wands
 B - a wand of disintegration (13)
Scrolls
 h - a scroll of remove curse {unknown}
 j - a scroll of identify
 o - 2 scrolls of amnesia
 F - a scroll of magic mapping
Potions
 e - 3 potions of curing
 g - 2 potions of agility
 k - a potion of haste
 l - 3 potions of berserk rage {unknown}
 m - a potion of degeneration
 p - 3 potions of brilliance
 q - a potion of magic {unknown}
 r - 2 potions of resistance
 t - a potion of cancellation
 v - 4 potions of flight
 C - a potion of lignification
Books
 b - a book of Changes

   Spells                             Type                      Level
   a - Beastly Appendage              Transmutation                1
   b - Sticks to Snakes               Transmutation                2
   c - Spider Form                    Transmutation/Poison         3
   d - Ice Form                       Ice/Transmutation            4
   e - Blade Hands                    Transmutation                5
 s - the Handbook of the Entourage and Conjuration
   (You found it on level 6 of the Dungeon)

   Spells                             Type                      Level
   a - Summon Butterflies             Summoning                    1
   b - Static Discharge               Conjuration/Air              3
   c - Fulminant Prism                Conjuration/Hexes            4
   d - Summon Hydra                   Summoning                    7
Comestibles
 c - 12 rations
 G - 3 chunks of flesh


   Skills:
 + Level 4.1 Fighting
 - Level 2.7 Throwing
 + Level 5.4 Dodging
 + Level 7.8 Stealth
 + Level 6.2 Unarmed Combat
 + Level 5.4 Spellcasting
 + Level 5.8 Transmutations
 - Level 3.4 Poison Magic
 + Level 3.9 Invocations


You had 4 spell levels left.
You knew the following spells:

 Your Spells              Type           Power        Failure   Level  Hunger
a - Beastly Appendage     Tmut           #####.       3%          1    None
b - Sticks to Snakes      Tmut           #####...     4%          2    None
c - Spider Form           Tmut/Pois      ####......   10%         3    None
d - Ice Form              Ice/Tmut       ###.....     38%         4    ###....
e - Blade Hands           Tmut           #####.....   34%         5    #####..


Dungeon Overview and Level Annotations

Branches:
Dungeon (8/15)             Temple (1/1) D:5
   Lair: D:8-11

Altars:
Ashenzari
Cheibriados
Elyvilon
Fedhas
Gozag
Hepliaklqana
Kikubaaqudgha
Makhleb
Nemelex Xobeh
Okawaru
Qazlal
Ru
Sif Muna
Trog
Wu Jian
Xom
Yredelemnul
Zin
The Shining One

Shops:
D:4 ((*!?

Annotations:
D:7 Kisielow's ghost, novice MfTm


Innate Abilities, Weirdness & Mutations

You cannot wear most types of armour.
You are very stealthy in the water. (Stealth+)
((You are amphibious.))
You can wear up to eight rings at the same time.
((You can use your tentacles to constrict eight enemies at once.))
((Your skin changes colour to match your surroundings (Stealth+).))
((Your rubbery body absorbs attacks. (AC +1, EV +1)))


Message History

You feel better. The acid dragon barely misses you.
The acid dragon completely misses you.
You hit the acid dragon but do no damage.
Unknown command.
Okay, then.
You bite the acid dragon!
The acid dragon looks as sick as possible!
The acid dragon is heavily wounded.
Your transformation is almost over.
The acid dragon barely misses you. The acid dragon misses you.
You completely miss the acid dragon.
The acid dragon is heavily wounded.
The acid dragon barely misses you. The acid dragon misses you.
You hit the acid dragon.
The acid dragon is severely wounded.
The acid dragon spits acid at you. The splash of acid hits you!
* * * LOW HITPOINT WARNING * * *
You are splashed with acid!
The acid burns!
You die...

#.............# ##...#.
#......Y......####.#..#.
#...#####...##.#.##....
#....(...D..###.####.##
#.....(...# #.# #...
#.....# #.# ### #o#
###.####### ##D#
#.......... #)s#
#.#.####### #)## #.#.#
#)# #.#.#
###.#######.#.#
#..(.......#..#
#.#########.### #. #.#
#. #.# #. #.#


You could see an acid dragon, an ice beast and an orc.

Vanquished Creatures
  A two-headed ogre (D:8)
  Grinder (D:5)
  2 hippogriffs (D:8)
  A wyvern (D:8)
  A sky beast (D:5)
  An orc warrior (D:7)
  2 ice beasts (D:8)
  2 phantoms
  2 ogres
  A black bear (D:6)
  A centaur (D:7)
  2 bullfrogs
  4 wights (D:8)
  A howler monkey (D:5)
  3 crimson imps
  A jelly (D:8)
  A bullfrog skeleton (D:5)
  5 orc priests
  3 centaur skeletons
  A hound (D:5)
  9 orc wizards
  2 iguanas
  5 worker ants
  A hound zombie (D:5)
  3 gnolls (D:5)
  A howler monkey skeleton (D:7)
  An adder (D:2)
  3 shadow imps
  2 oozes
  2 worms (D:2)
  2 dart slugs
  5 leopard geckos
  25 orcs
  9 bats
  4 giant cockroaches
  7 goblins
  11 hobgoblins
  7 jackals
  2 quokkas
  2 ball pythons
  3 frilled lizards
  9 kobolds
  A quokka skeleton (D:7)
  4 rats
156 creatures vanquished.

Vanquished Creatures (collateral kills)
  An ogre (D:7)
  A wight (D:8)
  An orc priest (D:6)
3 creatures vanquished.

Grand Total: 159 creatures vanquished

Notes
Turn   | Place    | Note
-------+----------+-------------------------------------------
     0 | D:1      | Delanovic the Octopode Transmuter began the quest for the Orb.
     0 | D:1      | Reached XP level 1. HP: 13/13 MP: 3/3
    90 | D:1      | Reached XP level 2. HP: 14/18 MP: 5/5
   121 | D:1      | Reached skill level 1 in Stealth
  1195 | D:2      | Reached XP level 3. HP: 21/23 MP: 4/6
  1424 | D:2      | Reached skill level 2 in Stealth
  1917 | D:2      | Found a shattered altar of Ashenzari.
  1920 | D:2      | Found an opulent altar of Gozag.
  1923 | D:2      | Found a burning altar of Makhleb.
  1934 | D:2      | Found a glowing golden altar of the Shining One.
  2054 | D:2      | Reached XP level 4. HP: 6/28 MP: 5/7
  2351 | D:2      | Learned a level 2 spell: Sticks to Snakes
  2355 | D:2      | Learned a level 3 spell: Spider Form
  2605 | D:3      | Found a basalt altar of Yredelemnul.
  3302 | D:4      | Found Besoete's General Store.
  3326 | D:4      | Found Miqoak's Antique Weapon Emporium.
  3342 | D:4      | Found Uzaolisk's Antique Weapon Shoppe.
  3363 | D:4      | Noticed a phantom
  3652 | D:4      | Reached XP level 5. HP: 3/33 MP: 5/9
  3932 | D:4      | Reached skill level 1 in Poison Magic
  4142 | D:5      | Entered Level 5 of the Dungeon
  4151 | D:5      | Noticed an ogre
  4169 | D:5      | Reached skill level 3 in Stealth
  4291 | D:5      | Noticed Grinder
  4323 | D:4      | Reached skill level 1 in Throwing
  4332 | D:4      | Noticed a phantom
  4353 | D:4      | Found Xeunnuim's Magic Scroll Shop.
  4371 | D:4      | Found Emegeggo's Distillery.
  4620 | D:5      | Reached XP level 6. HP: 29/38 MP: 10/10
  4622 | D:5      | Noticed a sky beast
  4632 | D:5      | Killed a sky beast
  4789 | D:5      | Found a glowing silver altar of Zin.
  5189 | D:5      | Killed a phantom
  5189 | D:5      | Reached skill level 4 in Stealth
  5189 | D:5      | Reached XP level 7. HP: 26/43 MP: 3/11
  5763 | D:5      | Found a staircase to the Ecumenical Temple.
  5770 | Temple   | Entered the Ecumenical Temple
  5823 | Temple   | Became a worshipper of Cheibriados the Contemplative
  6205 | D:5      | Killed Grinder
  6205 | D:5      | Reached skill level 5 in Stealth
  6205 | D:5      | Reached XP level 8. HP: 35/48 MP: 5/13
  6885 | D:6      | Found a white marble altar of Elyvilon.
  6901 | D:6      | Identified the Handbook of the Entourage and Conjuration
  7284 | D:6      | Found a hazy altar of Hepliaklqana.
  7447 | D:7      | Learned a level 4 spell: Ice Form
  7458 | D:6      | Reached * piety under Cheibriados
  7603 | D:7      | Reached skill level 5 in Unarmed Combat
  7774 | D:7      | Reached skill level 1 in Invocations
  8002 | D:7      | Noticed Kisielow's ghost (novice MfTm)
  8488 | D:7      | Reached skill level 6 in Stealth
  8594 | D:7      | Reached XP level 9. HP: 36/55 MP: 12/15
  8746 | D:7      | Reached ** piety under Cheibriados
  9117 | D:8      | Reached skill level 5 in Transmutations
  9242 | D:8      | Learned a level 5 spell: Blade Hands
  9494 | D:8      | Noticed a two-headed ogre
  9852 | D:8      | Killed a two-headed ogre
  9852 | D:8      | Reached skill level 5 in Dodging
  9852 | D:8      | Reached skill level 7 in Stealth
  9852 | D:8      | Reached skill level 5 in Spellcasting
 10053 | D:8      | Reached XP level 10. HP: 53/63 MP: 13/17
 10362 | D:8      | Paralysed by an orc for 5 turns
 10386 | D:8      | Reached *** piety under Cheibriados
 10386 | D:8      | HP: 2/63 [acid (16)]
 10392 | D:8      | HP: 1/63 [acid dragon/splash of acid (15)]
 10392 | D:8      | Splashed by an acid dragon's acid

Skill      XL: |  1  2  3  4  5  6  7  8  9 |
---------------+----------------------------+-----
Stealth        | 1 2 3 4 5 6 7 |  7.8
Poison Magic   | 1 2 3 |  3.4
Transmutations | 3 4 5 |  5.8
Throwing       | 1 2 |  2.7
Spellcasting   | 3 4 5 |  5.4
Unarmed Combat | 4 5 6 |  6.2
Dodging        | 3 4 5 |  5.4
Fighting       | 2 4 |  4.1
Invocations    | 1 3 |  3.9

Action                   |  1- 3 |  4- 6 |  7- 9 | 10-12 || total
-------------------------+-------+-------+-------+-------++-------
Melee: Unarmed           |    88 |   155 |   254 |    60 ||   557
       Constrict         |    29 |    33 |    18 |       ||    80
       Tentacles         |    14 |    17 |    20 |       ||    51
       Kick              |    17 |    34 |    26 |       ||    77
       Punch             |       |     1 |     5 |       ||     6
Throw: Javelin           |       |       |    13 |     3 ||    16
 Cast: Beastly Appendage |    25 |    24 |    21 |       ||    70
       Sticks to Snakes  |       |     7 |    22 |       ||    29
       Spider Form       |       |     4 |    25 |     5 ||    34
  Use: Scroll            |       |    18 |     1 |       ||    19
       Potion            |       |     1 |     2 |     2 ||     5
 Stab: Sleeping          |     8 |     6 |     3 |       ||    17
       Distracted        |       |       |     3 |       ||     3
  Eat: Chunk             |     3 |     9 |     9 |       ||    21
       Ration            |       |     1 |     1 |       ||     2
Armor: Skin              |     9 |    17 |    15 |     1 ||    42
Dodge: Dodged            |    53 |    84 |   252 |    43 ||   432
